[Event "Live Chess"]
[Site "Chess.com"]
[Date "2023.05.21"]
[Round "-"]
[White "Brooms1989"]
[Black "SupremeTactician"]
[Result "0-1"]
[WhiteElo "1138"]
[BlackElo "2230"]
[TimeControl "300"]
[EndTime "4:13:49 PDT"]
[Termination "SupremeTactician won by resignation"]

1. e4 e5 2. Nc3 Nc6 3. Nf3 Bc5 4. Bc4 d6 5. h3 Nf6 6. O-O Be6 7. Bb3 O-O 8. d3 Qd7 9. Bg5 Ne8 10. Bxe6 Qxe6 11. Nd5 f6 12. Bh4 Ne7 13. Nxe7+ Qxe7 14. d4 exd4 15. Nxd4 Qxe4 16. Nf3 g5 17. Bg3 Ng7 18. Re1 Qc6 19. Qd3 Rae8 20. Rxe8 Rxe8 21. Re1 Rxe1+ 22. Nxe1 f5 23. Bh2 Qe4 24. Qb3+ Qe6 25. Qxe6+ Nxe6 26. Nd3 Bb6 27. b3 Kf7 28. c4 Bd4 29. g4 f4 30.
Kg2 Kf6 31. f3 Nc5 32. Nxc5 Bxc5 33. Bg1 Bxg1 34. Kxg1 Ke5 35. Kf2 Kd4 36. Ke2 Kc3 37. Kd1 Kd3 38. Ke1 Ke3 39. Kf1 Kxf3 40. Kg1 Kg3 41. Kh1 f3 42. Kg1 Kxh3 43. Kf2 Kxg4 44. Kf1 Kf4 45. Kf2 g4 46. Kf1 g3 47. Kg1 Ke3 48. Kf1 g2+ 49. Kg1 Ke2 0-1

[Event "Live Chess"]
[Site "Chess.com"]
[Date "2023.05.21"]
[Round "-"]
[White "WilliamofOrange16th"]
[Black "peter-785"]
[Result "1-0"]
[WhiteElo "1865"]
[BlackElo "1189"]
[TimeControl "300"]
[EndTime "4:13:52 PDT"]
[Termination "WilliamofOrange16th won by resignation"]

1. e4 c5 2. b4 d6 3. bxc5 dxc5 4. Nf3 e6 5. c3 Nf6 6. e5 Nfd7 7. d4 b6 8. Be2 cxd4 9. cxd4 Bb4+ 10. Bd2 Bxd2+ 11.
Qxd2 O-O 12. Nc3 Bb7 13. Nb5 Nc6 14. Nd6 Rb8 15. O-O Ne7 16. Ng5 Bd5 17. Bf3 f6 18. Bxd5 fxg5 19. Bxe6+ Kh8 20. Qxg5 Ng6 21. Qxd8 Rbxd8 22.
Nf7+ Rxf7 23. Bxf7 Ndf8 24. Rfd1 Rd7 25. Bxg6 Nxg6 26. g3 Kg8 27. e6 Kh8 28. exd7 1-0

[Event "Live Chess"]
[Site "Chess.com"]
[Date "2023.05.21"]
[Round "-"]
[White "diana21strabt"]
[Black "EdenHazard8"]
[Result "0-1"]
[WhiteElo "1769"]
[BlackElo "1946"]
[TimeControl "300"]
[EndTime "4:13:53 PDT"]
[Termination "EdenHazard8 won by resignation"]

1. e4 e5 2. Nf3 Nc6 3. d4 exd4 4. Bc4 d6 5. O-O Nf6 6. Nxd4 Be7 7. Nc3 O-O 8. Nxc6 bxc6 9. Re1 Bg4 10. f3 Bh5 11.
Bf4 d5 12. exd5 cxd5 13. Nxd5 Bc5+ 14. Kh1 c6 15. Nxf6+ Qxf6 16. Be5 Qh4 17. Bg3 Qxc4 18. Qd3 Qxd3 19. cxd3 Bg6 20. Rac1 Bd4 21. Rxc6 Bxb2 22. Rd6 Rae8 23. Kg1 Rxe1+ 24. Bxe1 Rc8 25. Bb4 h5 26. Kf2 Rc2+ 27. Kg3 Be5+ 28. f4 Bxd6 29. Bxd6 Bxd3 0-1

[Event "Live Chess"]
[Site "Chess.com"]
[Date "2023.05.21"]
[Round "-"]
[White "CheckThis4"]
[Black "chessfiction"]
[Result "1-0"]
[WhiteElo "2506"]
[BlackElo "2313"]
[TimeControl "300"]
[EndTime "4:14:13 PDT"]
[Termination "CheckThis4 won by resignation"]

1. d4 d5 2. c4 e5 3. dxe5 d4 4. Nf3 Nc6 5. g3 Bg4 6. Bg2 Bb4+ 7. Nbd2 Nge7 8. O-O O-O 9. Nb3 a5 10. a3 a4 11. Nbxd4 Bc5 12. Nxc6 Nxc6 13. Bg5 Qxd1 14. Rfxd1 Bxf3 15. Bxf3 Nxe5 16. Bxb7 Rab8 17. Bd5 Rxb2 18. Kf1 h6 19. Bf4 Ng4 20. f3 Nxh2+ 21. Kg2 Rxe2+ 22.
Kh3 g5 23. Bxc7 h5 24. g4 hxg4+ 25. fxg4 Kg7 26. Bxh2 Rh8+ 27. Kg3 Rexh2 28. Bg2 Be3 29. Rh1 Bf4+ 30. Kf2 Rxh1 31. Bxh1 Rh3 32. Bf3 Rh2+ 33. Bg2 Rh6 34. c5 Be5 35. Rc1 Bb2 36. Rc4 Rf6+ 37. Ke2 Bxa3 38. c6 Re6+ 39. Kd3 Bd6 40. c7 Bxc7 41.
Rxc7 Rd6+ 42. Kc4 Rf6 43. Bd5 Rf4+ 44. Kc5 Kg6 45. Kd6 a3 46. Ra7 Rf6+ 47. Ke5 Rf4 48. Be4+ Kg7 49. Bf5 Rf3 50. Ke4 Rb3 51. Be6 Rb4+ 52.
Ke5 Rb5+ 53. Bd5 Kg6 54. Rxa3 f6+ 55. Kd4 Rb4+ 56. Bc4 Rb1 57. Bd3+ 1-0

[Event "Live Chess"]
[Site "Chess.com"]
[Date "2023.05.21"]
[Round "-"]
[White "Swetha_Queen"]
[Black "Ian-Morley"]
[Result "0-1"]
[WhiteElo "348"]
[BlackElo "1052"]
[TimeControl "300"]
[EndTime "4:14:23 PDT"]
[Termination "Ian-Morley won on time"]

1. e4 e5 2. Nf3 f5 3. Nxe5 Nf6 4. exf5 Qe7 5. Qe2 d6 6. Nd3 Qxe2+ 7. Bxe2 Bxf5 8.
Nf4 Bxc2 9. Nc3 Bf5 10. Ne6 Bxe6 11. Bb5+ c6 12. Ba4 b5 13. Bb3 Bxb3 14. axb3 a5 15. Ne2 Be7 16. Nf4 Nbd7 17. Ne6 Kf7 18. Ng5+ Kg6 19. Nf3 Rae8 20. Nh4+ Kh6 21. Nf5+ Kg6 22. Nh4+ Kf7 23. Nf5 g6 24. Nd4 c5 25. Nxb5 Nb6 26.
Nc7 Bd8+ 27. Nxe8 Rxe8+ 28. Kf1 Ne4 29. d3 Ng5 30. Bf4 d5 31. Rxa5 c4 32. bxc4 dxc4 33. Ra7+ Kf6 34. Be3 cxd3 35. Ra4 Nd5 36. Ra6+ Ne6 37.
Ra3 Nxe3+ 38. fxe3 d2 39. Rd3 Nc5 40. Rxd2 Rxe3 41. Rxd8 Rb3 42. Kf2 Rxb2+ 43. Ke3 Rb3+ 44. Kd4 Ne6+ 45. Kd5 Nxd8 46. Kd6 Rd3+ 47. Kc7 Ne6+ 48. Kc6 Rd2 49. Kb5 Rxg2 50. Rf1+ Kg5 51. Rh1 Nf4 52.
Rf1 Rxh2 0-1

[Event "Live Chess"]
[Site "Chess.com"]
[Date "2023.05.21"]
[Round "-"]
[White "TheSmoulderingMaster"]
[Black "smoggyrabbit"]
[Result "1-0"]
[WhiteElo "1652"]
[BlackElo "1690"]
[TimeControl "300"]
[EndTime "4:14:37 PDT"]
[Termination "TheSmoulderingMaster won by checkmate"]

1. e4 e6 2. d4 d5 3. Nc3 Nf6 4. Bg5 Be7 5. e5 Nfd7 6. Bxe7 Qxe7 7. f4 a6 8. Nf3 Nb6 9. Bd3 c5 10. dxc5 Qxc5 11. Qe2 Nc6 12. O-O-O Bd7 13. g4 Rc8 14. f5 Nd4 15. Nxd4 Qxd4 16. fxe6 Qf4+ 17. Kb1 fxe6 18.
Rhf1 Qb4 19. Qd2 Nc4 20. Bxc4 Rxc4 21. Qd3 Rc8 22. Nxd5 exd5 23. Qxd5 Qb5 24. Qf7+ Kd8 25. e6 Rc7 26. e7+ Kc8 27. Qf8+ Be8 28. Rd8# 1-0

[Event "Live Chess"]
[Site "Chess.com"]
[Date "2023.05.21"]
[Round "-"]
[White "Nazar_777"]
[Black "DoYouLikeCurry"]
[Result "0-1"]
[WhiteElo "1568"]
[BlackElo "1414"]
[TimeControl "300"]
[EndTime "4:14:44 PDT"]
[Termination "DoYouLikeCurry won by checkmate"]

1. e3 c6 2. h4 d5 3. a3 e5 4.
Nf3 Qc7 5. c4 Bg4 6. cxd5 cxd5 7.
Nc3 Bxf3 8. gxf3 Nf6 9. Bb5+ Nc6 10. Be2 Bd6 11. Qc2 O-O 12. b4 a6 13. Bb2 Rac8 14.
Rc1 d4 15. Ne4 Nxe4 16. Qxe4 dxe3 17. dxe3 Qe7 18. Rg1 f5 19. Bc4+ Kh8 20. Qc2 Rc7 21.
f4 Qxh4 22. Be2 exf4 23. Bxg7+ Rxg7 24. Qc3 Be5 25. Qc2 Rxg1+ 26. Kd2 Rxc1 27. Kxc1 Qxf2 28.
Bd3 Qxc2+ 29. Kxc2 fxe3 30. b5 axb5 31. Bxb5 Nd4+ 32.
Kd3 Nxb5 33. a4 e2 34. Kxe2 Nc3+ 35. Kf3 Nxa4 36. Kg2 Rc8 37. Kf3 b5 38. Ke2 b4 39.
Kf3 b3 40. Kg2 b2 41. Kh3 b1=Q 42. Kh4 Qe4+ 43. Kg5 Rg8+ 44. Kh6 Qh4# 0-1

[Event "Live Chess"]
[Site "Chess.com"]
[Date "2023.05.21"]
[Round "-"]
[White "Tiltador"]
[Black "LiamClery2020"]
[Result "0-1"]
[WhiteElo "837"]
[BlackElo "2010"]
[TimeControl "300"]
[EndTime "4:15:04 PDT"]
[Termination "LiamClery2020 won by checkmate"]

1. e4 Nf6 2. d3 e5 3. Nf3 Nc6 4. Be2 d5 5. O-O dxe4 6. dxe4 Qxd1 7. Rxd1 Nxe4 8. Nc3 Nxc3 9. bxc3 Bd6 10. Bb5 Bd7 11. Bxc6 Bxc6 12. Be3 O-O 13. Rd3 e4 14. Rxd6 cxd6 15.
Nd4 Rfe8 16. Nxc6 bxc6 17. Rd1 d5 18. c4 Rad8 19. cxd5 cxd5 20. Rb1 d4 21. Bd2 e3 22. fxe3 dxe3 23. Ba5 Rd2 24. Re1 Rxc2 25. a3 f5 26. Bb4 f4 27. Bd6 g5 28. h3 h6 29. Bb4 Rec8 30.
Kh2 f3 31. Kg1 f2+ 32. Kh2 fxe1=Q 33. Bxe1 Re2 34. Bb4 Rcc2 35. Kg3 Rxg2+ 36. Kf3 e2 37.
Kxg2 e1=Q+ 38. Kf3 Rf2+ 39. Kg4 Qe4+ 40. Kh5 Qh4+ 41. Kg6 Qxh3 42. Bc5 Qf5+ 43. Kxh6 Rh2# 0-1

[Event "Live Chess"]
[Site "Chess.com"]
[Date "2023.05.21"]
[Round "-"]
[White "Biranidun"]
[Black "Tushinskiy"]
[Result "0-1"]
[WhiteElo "2533"]
[BlackElo "2204"]
[TimeControl "300"]
[EndTime "4:15:07 PDT"]
[Termination "Tushinskiy won by resignation"]

1. e4 e5 2. Nf3 d6 3. h3 Nf6 4.
Nc3 c6 5. d4 Qc7 6. a4 Be7 7.
Bc4 O-O 8. O-O Nbd7 9. Re1 a6 10. Be3 h6 11. Ba2 Re8 12. Nh4 Nf8 13. Nf5 Bxf5 14. exf5 e4 15. Bf4 Qd7 16. Nxe4 Nxe4 17. Rxe4 d5 18. Re5 Bf6 19. Rxe8 Rxe8 20. g4 Re4 21. Be3 Nh7 22. c3 Bg5 23. Qf3 Bxe3 24. fxe3 Qe7 25. Re1 Qh4 26. Re2 Ng5 27. Qh1 Nxh3+ 28. Kf1 Rxg4 29.
Rh2 Rg3 30. Ke2 Qg4+ 31. Kd2 Rg1 0-1

[Event "Live Chess"]
[Site "Chess.com"]
[Date "2023.05.21"]
[Round "-"]
[White "Crowded_House"]
[Black "raminguy"]
[Result "1-0"]
[WhiteElo "1650"]
[BlackElo "1955"]
[TimeControl "300"]
[EndTime "4:15:22 PDT"]
[Termination "Crowded_House won by checkmate"]

1. d4 d5 2. Bg5 e6 3. Bxd8 Kxd8 4.
Nf3 c6 5. c3 f6 6. e3 Bd6 7. Bd3 Nd7 8. Qc2 Ne7 9. Nbd2 b6 10.
O-O-O Bb7 11. Rde1 Rc8 12. e4 Nf8 13. exd5 cxd5 14.
Qa4 a6 15. Kb1 b5 16. Qd1 Nc6 17. Nb3 Ne7 18. Na5 Ba8 19. Qd2 Kd7 20. Rc1 Kd8 21.
g3 Kd7 22. Ne1 Kd8 23. f4 f5 24. Nf3 Kd7 25. Ne5+ Kd8 26. Nf7+ Kc7 27. Nxh8 Nd7 28.
Nf7 Nb6 29. Nxd6 Kxd6 30. Qe2 Nd7 31. Nb3 Bc6 32. Nc5 Nf8 33. Qe5# 1-0

[Event "Live Chess"]
[Site "Chess.com"]
[Date "2023.05.21"]
[Round "-"]
[White "AbilifyXL"]
[Black "Vitalii18a"]
[Result "1-0"]
[WhiteElo "1947"]
[BlackElo "1144"]
[TimeControl "300"]
[EndTime "4:15:33 PDT"]
[Termination "AbilifyXL won by resignation"]

1. d4 d5 2. c4 e6 3. Nc3 dxc4 4. Nf3 Bb4 5. Bg5 Nf6 6. e3 b5 7. Be2 a6 8. O-O Bb7 9. Rc1 O-O 10. b3 cxb3 11. Qxb3 Bxc3 12. Qxc3 h6 13. Bxf6 Qxf6 14. Qxc7 Bxf3 15. Bxf3 Qd8 16. Bxa8 Qxc7 17. Rxc7 1-0

[Event "Live Chess"]
[Site "Chess.com"]
[Date "2023.05.21"]
[Round "-"]
[White "diana21strabt"]
[Black "Brooms1989"]
[Result "1-0"]
[WhiteElo "1769"]
[BlackElo "1138"]
[TimeControl "300"]
[EndTime "4:15:38 PDT"]
[Termination "diana21strabt won by checkmate"]

1. e4 e5 2. Nf3 Nc6 3. d4 exd4 4.
Bc4 Nf6 5. O-O Bc5 6. e5 d5 7. exf6 dxc4 8. fxg7 Rg8 9. Re1+ Be7 10. Bg5 Bg4 11.
Bxe7 Nxe7 12. h3 Bxf3 13. Qxf3 c6 14. Nd2 Rxg7 15. Nxc4 Qc7 16. Qf6 Rg8 17. Nd6+ Kf8 18. Qxf7# 1-0

[Event "Live Chess"]
[Site "Chess.com"]
[Date "2023.05.21"]
[Round "-"]
[White "viktorskliarov"]
[Black "Shepherds_Pie"]
[Result "1-0"]
[WhiteElo "2653"]
[BlackElo "1948"]
[TimeControl "300"]
[EndTime "4:15:41 PDT"]
[Termination "viktorskliarov won by resignation"]

1. e4 e6 2. d4 d5 3. e5 c5 4. c3 Nc6 5. Nf3 Qb6 6. a3 Nh6 7.
b4 cxd4 8. Bxh6 gxh6 9. cxd4 Bg7 10. b5 Na5 11. Nbd2 Bd7 12. Rb1 O-O 13. Bd3 Rac8 14. Qe2 Nc4 15. Nxc4 dxc4 16. Bxc4 a6 17. O-O axb5 18.
Bxb5 Bxb5 19. Qxb5 Qxb5 20. Rxb5 Rc3 21. Rxb7 Rxa3 22. Rc1 f6 23. h4 fxe5 24. dxe5 Rf7 25. Rxf7 Kxf7 26. Rc7+ Kg8 27. Re7 Ra6 28. h5 Kf8 29. Rb7 Ra5 30. g4 Bxe5 31. Nxe5 Rxe5 32. Rxh7 Rg5 33. f3 e5 34. Rxh6 e4 35. Kf2 exf3 36. Kxf3 Kg7 37. Ra6 Rb5 38. Kf4 Rb4+ 39. Kg5 Rb5+ 40.
Kh4 Rb4 41. h6+ Kh7 42. Kh5 Rb1 43. Ra7+ 1-0

[Event "Live Chess"]
[Site "Chess.com"]
[Date "2023.05.21"]
[Round "-"]
[White "Dhaydon19"]
[Black "chrisbradgate"]
[Result "1-0"]
[WhiteElo "2697"]
[BlackElo "873"]
[TimeControl "300"]
[EndTime "4:15:42 PDT"]
[Termination "Dhaydon19 won by checkmate"]

1. d4 d5 2. Nf3 Nc6 3. g3 f6 4. Bg2 e5 5. dxe5 fxe5 6. O-O d4 7.
c3 Bg4 8. cxd4 Bxf3 9. Bxf3 Qxd4 10. Qb3 Qb4 11. Qe6+ Nge7 12. Nc3 Qd6 13. Qb3 O-O-O 14. a3 Nf5 15. Nb5 Qg6 16. Nxa7+ Kd7 17. Nxc6 bxc6 18. Rd1+ Ke7 19. Rxd8 Kxd8 20. Qd3+ Ke7 21. Bd2 Ke6 22. Rc1 Be7 23. Rxc6+ Bd6 24. g4 h5 25. Qxf5+ Qxf5 26. gxf5+ Kxf5 27. Bb4 Bxb4 28. axb4 Ra8 29. Rf6+ Kxf6 30. Bxa8 Kf5 31. f3 Kf4 32.
Kf2 g5 33. Bc6 g4 34. fxg4 hxg4 35. e3+ Kf5 36. Kg3 Kg5 37. Bd7 Kf6 38. Bxg4 Kg5 39.
h4+ Kh6 40. Kf3 Kg6 41. Ke4 Kf6 42. b5 Kg6 43. Kxe5 Kf7 44. Kd5 Ke7 45. Kc6 Kd8 46.
h5 Ke8 47. Kxc7 Kf7 48. b6 Kg7 49. b7 Kf7 50. b8=Q Ke7 51. Qd8+ Kf7 52. Qd7+ Kg8 53. Be6+ Kh8 54. Qe8+ Kg7 55. Qg6+ Kf8 56. Qf7# 1-0

[Event "Live Chess"]
[Site "Chess.com"]
[Date "2023.05.21"]
[Round "-"]
[White "davigator"]
[Black "Conradical12"]
[Result "1-0"]
[WhiteElo "2326"]
[BlackElo "1565"]
[TimeControl "300"]
[EndTime "4:15:46 PDT"]
[Termination "davigator won by resignation"]

1. e4 e5 2. Nf3 Nc6 3. Bc4 Nf6 4. d3 Bc5 5. c3 a5 6. Bg5 O-O 7. Nbd2 h6 8. Bh4 g5 9. Bg3 d6 10. Bb5 Bd7 11. a4 Qe7 12. O-O Nh5 13. Re1 Nxg3 14. hxg3 f5 15. exf5 Rxf5 16. d4 Ba7 17. Nc4 Raf8 18.
g4 Rf4 19. dxe5 d5 20. Qxd5+ Be6 21. Qd3 Bxg4 22. Bxc6 bxc6 23. Ncd2 Qe6 24. Re2 Bxf3 25. Nxf3 g4 26. Nd4 Qd5 27. e6 Bxd4 28. cxd4 Rxd4 29. Qg6+ Kh8 30. Qxh6+ Kg8 31. Qg6+ Kh8 32. e7 Rd1+ 33. Re1 Rxe1+ 34. Rxe1 1-0

[Event "Live Chess"]
[Site "Chess.com"]
[Date "2023.05.21"]
[Round "-"]
[White "yeetpizza74"]
[Black "FlorinHristea"]
[Result "0-1"]
[WhiteElo "502"]
[BlackElo "1818"]
[TimeControl "300"]
[EndTime "4:15:47 PDT"]
[Termination "FlorinHristea won by checkmate"]

1. e4 d5 2. exd5 Qxd5 3. Nc3 Qd8 4. Nf3 Nf6 5. d4 Bg4 6. Be2 Nc6 7.
Be3 e6 8. O-O Bb4 9. a3 Ba5 10.
Ne5 Bxe2 11. Nxe2 Nxe5 12. dxe5 Nd5 13. c4 Nxe3 14. fxe3 c6 15. c5 O-O 16. Qc2 Qd5 17. b4 Bc7 18. Qb2 Bxe5 19. Qc2 Bxa1 20. Rxa1 Rad8 21.
Nf4 Qd2 22. Qa4 Qxe3+ 23. Kf1 Qxf4+ 24. Kg1 a6 25. b5 axb5 26. Qa5 Qd4+ 27. Kf1 Qxa1+ 28.
Ke2 Rd5 29. Ke3 Rfd8 30. Kf4 Qd4+ 31. Kf3 Rf5+ 32. Kg3 Qf4+ 33. Kh3 Rd3+ 34. g3 Rh5+ 35. Kg2 Rd2+ 36. Kg1 Qd4+ 37. Kf1 Qf2# 0-1

[Event "Live Chess"]
[Site "Chess.com"]
[Date "2023.05.21"]
[Round "-"]
[White "Alfiedog12"]
[Black "YrrriKharkiv"]
[Result "0-1"]
[WhiteElo "945"]
[BlackElo "2061"]
[TimeControl "300"]
[EndTime "4:15:47 PDT"]
[Termination "YrrriKharkiv won by resignation"]

1. d4 Nf6 2. Bf4 c5 3. Nf3 cxd4 4. Nxd4 d6 5. Bg5 Qa5+ 6. c3 Qxg5 7. Qa4+ Bd7 8. Qb3 b6 9. e3 Qc5 10. Nd2 g6 11.
Bb5 Bg7 12. Ne4 Nxe4 13. Bxd7+ Nxd7 14. Kf1 Nd2+ 0-1

[Event "Live Chess"]
[Site "Chess.com"]
[Date "2023.05.21"]
[Round "-"]
[White "f4nomore"]
[Black "wot-not"]
[Result "0-1"]
[WhiteElo "1386"]
[BlackElo "1572"]
[TimeControl "300"]
[EndTime "4:15:51 PDT"]
[Termination "wot-not won by checkmate"]

1. b3 Nf6 2. Bb2 d6 3. e3 e5 4.
Nf3 Be7 5. Be2 O-O 6. O-O Bg4 7. h3 Bh5 8. Nh2 Bg6 9. d3 Nbd7 10. e4 h6 11. Ng4 Nh7 12. Nd2 f5 13. exf5 Bxf5 14.
Nxh6+ gxh6 15. Bg4 Kh8 16. Bxf5 Rxf5 17. Qg4 Rg5 18.
Qe4 c6 19. f4 Rg7 20. fxe5 dxe5 21. d4 exd4 22. Bxd4 Bc5 23. Bxc5 Nxc5 24. Qe2 Qd4+ 25.
Kh1 Rag8 26. Nf3 Qe4 27. Qxe4 Nxe4 28. Nh4 Ng3+ 29. Kh2 Nxf1+ 30. Rxf1 Ng5 31. g4 Rf7 32. Nf5 Rd8 33. Rf2 Ne4 34. Re2 Nc3 35. Re6 Rd2+ 36.
Kg3 Rxf5 37. gxf5 Kg7 38. Re7+ Kf8 39. Rxb7 Rxc2 40. Rxa7 Nd5 41. Kh4 Rc3 42. Ra6 Nf4 43. Ra8+ Kg7 44. b4 Kf6 45. Rf8+ Ke5 46. f6 Kf5 47. f7 Rxh3# 0-1

[Event "Live Chess"]
[Site "Chess.com"]
[Date "2023.05.21"]
[Round "-"]
[White "LL220284LL"]
[Black "OmeetAtara"]
[Result "1-0"]
[WhiteElo "2325"]
[BlackElo "1813"]
[TimeControl "300"]
[EndTime "4:15:56 PDT"]
[Termination "LL220284LL won - game abandoned"]

1. Nf3 Nf6 2. b3 e6 3. Bb2 d5 4.
e3 Be7 5. d4 c5 6. Bd3 Nc6 7.
O-O b6 8. Nbd2 Bb7 9. e4 dxe4 10.
Nxe4 O-O 11. dxc5 Nxe4 12. Bxe4 Bxc5 13. Qe2 Qc7 14. Bxh7+ Kxh7 15. Qe4+ Kg8 16. Ng5 g6 17. Qh4 1-0

[Event "Live Chess"]
[Site "Chess.com"]
[Date "2023.05.21"]
[Round "-"]
[White "JoeRoot66"]
[Black "Ocelot32"]
[Result "1-0"]
[WhiteElo "1919"]
[BlackElo "1378"]
[TimeControl "300"]
[EndTime "4:16:02 PDT"]
[Termination "JoeRoot66 won on time"]

1. e4 e6 2. d4 d5 3. Bd3 dxe4 4. Bxe4 c5 5. Ne2 cxd4 6. Qxd4 Nf6 7. Bf3 Qxd4 8.
Nxd4 Bc5 9. Nb3 Bb6 10. Nc3 Nc6 11. a4 O-O 12. Bg5 Nd7 13. a5 Bc7 14. Bxc6 bxc6 15.
Nd4 c5 16. Ndb5 Be5 17. f4 Bxc3+ 18. bxc3 a6 19. Nc7 Ra7 20. Be7 Rxc7 21. Bxf8 Kxf8 22. O-O-O Nf6 23. g3 Bb7 24. Rhe1 c4 25. Rd6 Rc6 26.
Red1 Nd5 27. Rxc6 Bxc6 28. Kb2 Ke7 29. Rd4 Bb5 30. h4 f6 31. Rd1 Ne3 32. Re1 Ng4 33. Ka3 e5 34. Kb4 Kd6 35. fxe5+ Nxe5 36. Rd1+ Ke6 37. Rd8 Ng4 38. Rg8 Kf7 39. Ra8 g6 40.
Ra7+ Kg8 41. Kc5 Ne3 42. Kb6 Nxc2 43. Rxa6 Na3 44. Ra8+ Kf7 45. a6 Bxa6 46. Rxa6 Nb1 47. Kc5 Nxc3 48. Kxc4 Ne4 49. Kd5 Nxg3 50. Ra7+ Kg8 51.
Ke6 f5 52. Kf6 Nh5+ 53. Kg5 f4 54. Rb7 f3 55. Rb3 Kf7 56. Rxf3+ Kg7 57. Rb3 Kf7 58. Rb7+ Kg8 59. Kh6 Nf6 60. Rb8+ Kf7 61. Rb6 Ng4+ 62. Kxh7 Ne5 63. Kh6 Nf3 64. Rb7+ 1-0

[Event "Live Chess"]
[Site "Chess.com"]
[Date "2023.05.21"]
[Round "-"]
[White "gmnorfolk"]
[Black "Chesscoach_Golichenko"]
[Result "1/2-1/2"]
[WhiteElo "2114"]
[BlackElo "2611"]
[TimeControl "300"]
[EndTime "4:16:04 PDT"]
[Termination "Game drawn by repetition"]

1. d4 Nf6 2. c4 e6 3. Nc3 Bb4 4. e3 O-O 5. Bd3 d5 6. a3 Bxc3+ 7.
bxc3 c5 8. cxd5 exd5 9. Ne2 Nc6 10. O-O c4 11. Bc2 b5 12. Ng3 a5 13. Bb2 Rb8 14. f3 b4 15. axb4 axb4 16. e4 Qb6 17.
Kh1 Be6 18. e5 Nd7 19. f4 f5 20. exf6 Nxf6 21. Nh5 bxc3 22. Nxf6+ Rxf6 23. Bxc3 Bf5 24. Bxf5 Rxf5 25. g4 Rf7 26. Qf3 Rd8 27. f5 Qb3 28. Rab1 Qc2 29. Rbe1 Re7 30. Rxe7 Nxe7 31. f6 gxf6 32.
Qxf6 Qe4+ 33. Kg1 Qxg4+ 34. Kh1 Qe4+ 35. Rf3 Ra8 36. Ba5 Ng6 37. Qf7+ Kh8 38. Qf6+ Kg8 39.
Qf7+ Kh8 40. Qf6+ Kg8 1/2-1/2

[Event "Live Chess"]
[Site "Chess.com"]
[Date "2023.05.21"]
[Round "-"]
[White "KeithArkell"]
[Black "Sweet-O"]
[Result "1-0"]
[WhiteElo "2503"]
[BlackElo "1428"]
[TimeControl "300"]
[EndTime "4:16:16 PDT"]
[Termination "KeithArkell won by resignation"]

1. d4 c5 2. d5 g6 3. e4 Bg7 4.
Nf3 d6 5. Nc3 Nf6 6. Bb5+ Bd7 7.
a4 O-O 8. h3 a6 9. Bc4 Bc8 10. O-O Nbd7 11. Re1 Nb6 12. Bd3 e5 13. dxe6 Bxe6 14. a5 Nc4 15. Bxc4 Bxc4 16. Bf4 Ne8 17. Nd5 Nf6 18. Nb6 Ra7 19. Nxc4 d5 20. exd5 Qxd5 21. Qxd5 Nxd5 22. Bd6 Rc8 23. c3 Nf4 24. Bxf4 1-0

[Event "Live Chess"]
[Site "Chess.com"]
[Date "2023.05.21"]
[Round "-"]
[White "McSlash1"]
[Black "ranvir123"]
[Result "1-0"]
[WhiteElo "2003"]
[BlackElo "964"]
[TimeControl "300"]
[EndTime "4:16:20 PDT"]
[Termination "McSlash1 won by resignation"]

1. e4 e5 2. Nf3 Nc6 3. Bb5 d6 4. d4 Bd7 5. Nc3 a6 6. Ba4 b5 7. Bb3 Nf6 8. Bg5 h6 9. Bh4 Be7 10. O-O O-O 11. dxe5 dxe5 12. Bxf6 Bxf6 13. Nd5 Bg4 14. h3 Bh5 15. Qd3 Bh4 16. Nxh4 Qxh4 17. Kh2 Rad8 18. f4 exf4 19. Rxf4 Qxf4+ 20. Nxf4 Rxd3 21. cxd3 Bg6 22. Nxg6 Rd8 23. Rf1 Ne5 24. Nxe5 1-0

[Event "Live Chess"]
[Site "Chess.com"]
[Date "2023.05.21"]
[Round "-"]
[White "matt1979"]
[Black "HoarseyHorsey"]
[Result "0-1"]
[WhiteElo "1544"]
[BlackElo "1468"]
[TimeControl "300"]
[EndTime "4:16:29 PDT"]
[Termination "HoarseyHorsey won by checkmate"]

1. f4 d5 2. e3 Nc6 3. Nf3 Bg4 4. Bb5 e6 5. O-O Bc5 6. h3 Bxf3 7. Qxf3 Nf6 8. d3 Bb6 9. b3 Qd7 10. Bb2 a6 11. Bxc6 Qxc6 12. Na3 Qc5 13. d4 Qc6 14. c3 Qd6 15. Nc2 c6 16. f5 O-O 17. fxe6 Qxe6 18.
Rae1 Ne4 19. Nb4 Bc7 20. Rd1 Rae8 21. Nd3 f6 22. Nf2 Qd6 23. Nxe4 Qh2+ 24. Kf2 Rxe4 25.
Rh1 Qd6 26. h4 f5 27. h5 h6 28. Ke2 f4 29. Bc1 fxe3 30. Qh3 Rf2+ 31. Ke1 Qf4 32. Qc8+ Kh7 33. Qh3 Ba5 34. b4 Bd8 35. Rd3 Bh4 36.
g3 Bxg3 37. Kd1 e2+ 38. Ke1 Rf1# 0-1

[Event "Live Chess"]
[Site "Chess.com"]
[Date "2023.05.21"]
[Round "-"]
[White "1PRK1"]
[Black "CeladonFish"]
[Result "0-1"]
[WhiteElo "1344"]
[BlackElo "1097"]
[TimeControl "300"]
[EndTime "4:17:05 PDT"]
[Termination "CeladonFish won by resignation"]

1. e4 d6 2. d4 Nf6 3. Bd3 g6 4. Nf3 Bg7 5. h3 O-O 6. O-O Nc6 7. d5 Ne5 8. Nxe5 dxe5 9. c4 a6 10. f4 exf4 11. Bxf4 Nh5 12. Bh2 Bxb2 13. g4 Nf6 14.
Nd2 Bxa1 15. Qxa1 c6 16. Be5 cxd5 17. exd5 a5 18. g5 Nh5 19. Kg2 f6 20. Bxf6 exf6 21. gxf6 Nxf6 22. Qb1 Qd7 23. Rf3 Qe7 24. Qf1 Nh5 25. Ne4 Rxf3 26. Qxf3 Bf5 27. Ng3 Nxg3 28. Kxg3 Bxd3 29. Qxd3 Qe5+ 30. Kg2 Qg5+ 31. Kh2 Rf8 32. d6 0-1

[Event "Live Chess"]
[Site "Chess.com"]
[Date "2023.05.21"]
[Round "-"]
[White "EdenHazard8"]
[Black "peter-785"]
[Result "1-0"]
[WhiteElo "1946"]
[BlackElo "1189"]
[TimeControl "300"]
[EndTime "4:17:08 PDT"]
[Termination "EdenHazard8 won by checkmate"]

1. e4 c5 2. Nc3 d6 3. f4 e6 4.
Nf3 Nf6 5. Bb5+ Nbd7 6. d3 a6 7. Bxd7+ Bxd7 8. O-O b5 9. Qe1 Be7 10. Qg3 O-O 11. f5 e5 12. Bh6 g6 13. Bxf8 Bxf8 14. fxg6 hxg6 15. Ng5 Bg7 16. Nd5 c4 17. Qh4 cxd3 18.
Nxf6+ Kf8 19. Nxd7+ Ke8 20. Rxf7 Ra7 21. Qh7 Rxd7 22. Qg8+ Bf8 23. Qxf8# 1-0

[Event "Live Chess"]
[Site "Chess.com"]
[Date "2023.05.21"]
[Round "-"]
[White "sup3rm0nk3y"]
[Black "Prijmak"]
[Result "1-0"]
[WhiteElo "1333"]
[BlackElo "1049"]
[TimeControl "300"]
[EndTime "4:17:10 PDT"]
[Termination "sup3rm0nk3y won by resignation"]

1. e4 e5 2. Nf3 Nc6 3. Bc4 h6 4.
d4 exd4 5. Nxd4 d6 6. Nc3 Nf6 7. Be3 Nxd4 8. Bxd4 Be7 9. O-O Bg4 10. Qd3 Be6 11.
f4 Bxc4 12. Qxc4 Qd7 13. e5 Nh7 14. Rad1 O-O 15. f5 Qc6 16. Qb3 dxe5 17. Bxe5 Bf6 18.
Bxf6 Nxf6 19. Nd5 Nxd5 20. Rxd5 Rad8 21. Rfd1 Rxd5 22. Rxd5 Qb6+ 23. Qxb6 axb6 24. Rd7 Rc8 25. g4 Kf8 26. Kf2 Kg8 27. Kf3 Kf8 28. Kf4 Kg8 29.
h4 Kf8 30. g5 hxg5+ 31. hxg5 g6 32. fxg6 fxg6 33. Ke5 Re8+ 34. Kf6 Kg8 35. Kxg6 Re6+ 36. Kh5 Re2 37. Rxc7 Rh2+ 38. Kg6 Kf8 39. Rc8+ Ke7 40. Kg7 Kd7 41. Rh8 Rg2 42. g6 Rxc2 43. Kf8 Rf2+ 44.
Kg8 Rxb2 45. g7 Rg2 46. Rh7 Rxa2 47. Kh8 Rg2 48. g8=Q+ 1-0

[Event "Live Chess"]
[Site "Chess.com"]
[Date "2023.05.21"]
[Round "-"]
[White "Biranidun"]
[Black "Tiltador"]
[Result "1-0"]
[WhiteElo "2533"]
[BlackElo "837"]
[TimeControl "300"]
[EndTime "4:17:20 PDT"]
[Termination "Biranidun won by checkmate"]

1. e4 d5 2. exd5 Qxd5 3. Nc3 Qd7 4. Nf3 e6 5. d4 Nf6 6. Ne5 Qe7 7. Bc4 Nc6 8. Nxc6 bxc6 9. Qf3 Bb7 10. Bg5 Rb8 11.
O-O-O c5 12. d5 Bxd5 13. Nxd5 exd5 14. Rhe1 Qxe1 15. Rxe1+ Ne4 16. Rxe4+ dxe4 17. Qxf7# 1-0

[Event "Live Chess"]
[Site "Chess.com"]
[Date "2023.05.21"]
[Round "-"]
[White "Abde2012"]
[Black "Goblinbasher"]
[Result "0-1"]
[WhiteElo "742"]
[BlackElo "1229"]
[TimeControl "300"]
[EndTime "4:17:30 PDT"]
[Termination "Goblinbasher won by resignation"]

1. d4 f5 2. c4 Nf6 3. Bf4 e6 4. e3 Be7 5. Bd3 O-O 6. Nf3 d6 7. O-O b6 8. Nc3 Bb7 9. Qa4 Ne4 10.
Nxe4 fxe4 11. Bxe4 Bxe4 12. Nd2 Bb7 13. d5 e5 14. Bg3 Qe8 15. Nb3 Qg6 16. Qb4 Nd7 17.
c5 dxc5 18. Qb5 Bc8 19. Qc6 Rb8 20. Qxc7 Rb7 21. Qc6 Nb8 22. Bxe5 Qxc6 23. dxc6 Nxc6 24. f4 Nxe5 25. fxe5 Be6 26. Rxf8+ Bxf8 27. g3 c4 28. Nd2 Bc5 29. b3 Bxe3+ 30. Kf1 Bxd2 31. Ke2 Bg5 32.
bxc4 Bxc4+ 0-1